 Dungeon Crawl Stone Soup version 0.25-a0-50-gf0389da217 (webtiles) character file.

Game seed: 15213976827163499822, levelgen mode: deterministic

56 Froggeryz the Chopper (level 3, -8/30 HPs)
             Began as a Hill Orc Gladiator on Oct 24, 2019.
             Mangled by Sigmund
             ... wielding a cursed +0 scythe
              (14 damage)
             ... on level 2 of the Dungeon.
             The game lasted 00:02:27 (976 turns).

Froggeryz the Chopper (Hill Orc Gladiator)           Turns: 976, Time: 00:02:27

Health: -8/30      AC:  4    Str: 22    XL:     3   Next: 97%
Magic:  3/3        EV: 18    Int:  8    God:
Gold:   38         SH:  0    Dex: 17    Spells: 2/2 levels left

rFire    . . .     SeeInvis .   a - +0 war axe
rCold    . . .     Gourm    .   (no shield)
rNeg     . . .     Faith    .   b - +0 leather armour
rPois    .         Spirit   .   c - +0 helmet
rElec    .         Reflect  .   (no cloak)
rCorr    .         Harm     .   (no gloves)
MR       .....                  (no boots)
Stlth    ++........             (no amulet)
HPRegen  0.10/turn              (no ring)
MPRegen  0.08/turn              (no ring)

@: mighty, agile
A: no striking features
a: no special abilities


You were on level 2 of the Dungeon.
You were not hungry.

You visited 1 branch of the dungeon, and saw 3 of its levels.

You collected 38 gold pieces.

Inventory:

Hand Weapons
 a - a +0 war axe (weapon)
 k - a +2 dagger of venom
Missiles
 d - 3 throwing nets (quivered)
Armour
 b - a +0 leather armour (worn)
 c - a +0 helmet (worn)
Scrolls
 g - 2 scrolls of remove curse {unknown}
 h - a scroll of noise {unknown}
 j - a scroll of amnesia {unknown}
 l - 2 scrolls of random uselessness {unknown}
 p - a scroll of teleportation {unknown}
Potions
 e - a potion of haste
 n - 3 potions of might
 o - a potion of agility
Comestibles
 f - 7 rations


   Skills:
 - Level 2.4 Fighting
 * Level 6.3 Axes
 - Level 1.7 Throwing
 - Level 2.4 Dodging


You had 2 spell levels left.
You didn't know any spells.
Your spell library was empty.

Dungeon Overview and Level Annotations

Branches:
Dungeon (3/15)

Altars:

Annotations:
D:2 Sigmund


Message History

There is a stone staircase leading down here.
You see here a stone.
Unknown command.
Sigmund completely misses you.
You closely miss Sigmund. Sigmund barely misses you.
You slash Sigmund!
Sigmund is moderately wounded.
You slash the kobold!
You kill the kobold!
You closely miss Sigmund.
Sigmund is moderately wounded.
Sigmund casts a spell.
Sigmund flickers and vanishes!
Deactivating autopickup; reactivate with Ctrl-A.
You closely miss something. Something hits you.
You closely miss something. Something barely misses you.
You closely miss something. Something hits you!
* * * LOW HITPOINT WARNING * * *
You hit something. Something hits you!
You die...

#...##[...............###........
##...#..#....................####
#...##......................##
##...###..#...................#
......#..#....................#
........##....................#
.....†).##........>...........#
........##.........†..........#
.(.......#......@.............#
.......).......){.............#
..........................)...#
........##.....######.....#...#
................. .......(##..##
......................#...##.(.#
......).................(....#.##
........................#........
.....>..................###......


There were no monsters in sight!

Vanquished Creatures
  2 adders
  2 worms (D:2)
  2 dart slugs (D:2)
  A leopard gecko (D:1)
  2 giant cockroaches (D:1)
  7 goblins
  3 hobgoblins
  3 frilled lizards (D:1)
  3 kobolds
  3 rats
28 creatures vanquished.

Notes
Turn   | Place    | Note
-------+----------+-------------------------------------------
     0 | D:1      | Froggeryz the Hill Orc Gladiator began the quest for the
                  | Orb.
     0 | D:1      | Reached XP level 1. HP: 18/18 MP: 1/1
   113 | D:1      | Reached XP level 2. HP: 22/25 MP: 2/2
   344 | D:1      | Reached skill level 5 in Axes
   464 | D:2      | Reached XP level 3. HP: 21/30 MP: 3/3
   817 | D:2      | Reached skill level 6 in Axes
   903 | D:2      | Noticed Sigmund
   976 | D:2      | Mangled by Sigmund

Levels and vault maps discovered:
D:1:      evilmike_arrival_plus, layout_basic
D:2:      layout_rooms, lemuel_coloured_pillars_altar, serial_curves,
          eino_curves_02, eino_curves_04, uniq_sigmund
D:3:      layout_loops_ring, nicolae_gozag_seed_capital, feat_on_display

Skill      XL: |  1  2  3 |
---------------+----------+-----
Axes           | 5 6 |  6.3
Fighting       | |  2.4
Throwing       | |  1.7
Dodging        | |  2.4

Action                   || total
-------------------------++-------
Melee: War axe           ||    77
  Use: Potion            ||     5
 Stab: Sleeping          ||     2
Armor: Leather armour    ||    15
Dodge: Dodged            ||    54

Table legend:
 A = Non-vault XP
 B = Vault XP
 C = Vault XP percentage of total XP
 D = Non-vault monster count
 E = Vault monster count
 F = Vault count percentage of total count
                 A         B        C        D         E       F
            +---------+---------+-------+---------+---------+-------
      Total |      81 |       0 |   0.0 |      28 |       0 |   0.0
            +---------+---------+-------+---------+---------+-------
        D:1 |      18 |       0 |   0.0 |      12 |       0 |   0.0
        D:2 |      50 |       0 |   0.0 |      15 |       0 |   0.0
        D:3 |      13 |       0 |   0.0 |       1 |       0 |   0.0
            +---------+---------+-------+---------+---------+-------
